 Dungeon Crawl Stone Soup version 0.22-a0-750-ga7dcef7 (webtiles) character file.

4325 sking99 the Grappler (level 10, -6/80 HPs)
             Began as a Demonspawn Fighter on July 15, 2018.
             Was an Initiate of Gozag.
             Mangled by a two-headed ogre
             ... wielding a +0 giant spiked club
              (19 damage)
             ... on level 8 of the Dungeon.
             The game lasted 00:13:05 (8016 turns).

sking99 the Grappler (Demonspawn Fighter)           Turns: 8016, Time: 00:13:05

Health: -6/80      AC: 10    Str: 19    XL:     10   Next: 11%
Magic:  10/10      EV:  5    Int: 11    God:    Gozag
Gold:   534        SH: 12    Dex: 15    Spells: 9/9 levels left

rFire    . . .     SeeInvis .     - Unarmed
rCold    . . .     Gourm    .   c - +1 shield
rNeg     . . .     Faith    .   i - +0 chain mail
rPois    .         Spirit   .   (helmet restricted)
rElec    .         Reflect  .   (no cloak)
rCorr    .         Harm     .   l - +0 pair of gloves
MR       .....                  (no boots)
Stlth    ..........             (no amulet)
HPRegen  0.23/turn              s - ring of flight
MPRegen  0.12/turn              D - +3 ring of dexterity

@: no status effects
A: antennae 1, hooves 2, spiny 2
a: Potion Petition, Call Merchant, Bribe Branch, Renounce Religion, Evoke Flight


You were on level 8 of the Dungeon.
You worshipped Gozag.
Gozag was pleased with you.
You were very hungry.

You visited 2 branches of the dungeon, and saw 9 of its levels.

You collected 647 gold pieces.
You paid 113 gold pieces to Gozag.

Inventory:

Hand Weapons
 a - a +0 flail
Armour
 c - a +1 shield (worn)
 i - a +0 chain mail (worn)
 l - a +0 pair of gloves (worn)
Jewellery
 g - an uncursed amulet of the gourmand {unknown}
 m - an uncursed amulet of harm {unknown}
 n - an uncursed amulet of guardian spirit {unknown}
 s - a ring of flight (left hand)
 D - a +3 ring of dexterity (right hand)
Wands
 v - a wand of iceblast (4)
Scrolls
 e - 3 scrolls of amnesia
 h - 4 scrolls of remove curse
 o - 2 scrolls of identify
 r - 2 scrolls of enchant weapon {unknown}
 u - a scroll of magic mapping
 w - a scroll of teleportation
 x - a scroll of blinking
Potions
 b - a potion of cancellation {unknown}
 d - 2 potions of might
 j - 3 potions of mutation
 k - 3 potions of heal wounds {unknown}
 p - 2 potions of curing {unknown}
 q - a potion of brilliance {unknown}
 t - a potion of haste
 A - a potion of agility {unknown}
 B - 4 potions of lignification {unknown}
Comestibles
 f - 10 rations


   Skills:
 + Level 8.2 Fighting
 - Level 4.5 Maces & Flails
 - Level 2.6 Armour
 + Level 7.5 Shields
 * Level 8.2 Unarmed Combat


You had 9 spell levels left.
You didn't know any spells.
Your spell library was empty.

Dungeon Overview and Level Annotations

Branches:
Dungeon (8/15)             Temple (1/1) D:6
   Lair: D:8-11

Altars:
Ashenzari
Cheibriados
Dithmenos
Elyvilon
Fedhas
Gozag
Hepliaklqana
Kikubaaqudgha
Makhleb
Nemelex Xobeh
Okawaru
Qazlal
Ru
Sif Muna
Trog
Uskayaw
Vehumet
Wu Jian
Xom
Zin
The Shining One

Shops:
D:5 *   D:6 [


Innate Abilities, Weirdness & Mutations

You have a pair of small antennae on your head.
You have hoof-like feet.
You are mostly covered in sharp spines.


Message History

The two-headed ogre is struck by your spines.
The two-headed ogre hits you with a giant spiked club!!
The two-headed ogre hits you with a giant spiked club!
You hit the two-headed ogre but do no damage.
The two-headed ogre is lightly wounded.
You barely miss the two-headed ogre. You kick the two-headed ogre.
The two-headed ogre is lightly wounded.
The two-headed ogre hits you with a giant spiked club.
The two-headed ogre hits you with a giant spiked club!
You punch the two-headed ogre! You kick the two-headed ogre.
The two-headed ogre is heavily wounded.
You hit the two-headed ogre but do no damage.
You kick the two-headed ogre.
The two-headed ogre is heavily wounded.
The two-headed ogre is struck by your spines.
The two-headed ogre hits you with a giant spiked club!
* * * LOW HITPOINT WARNING * * *
The two-headed ogre hits you with a giant spiked club!!
You die...
Your body crumbles into a pile of gold.

#....# #....#
#....# #(...#
. #....# ...
#....#
....####....#
............#
.#'#...@....#
#...O....# $
#..!.....#
#...>....#
#........#
#........#
'........#
.#....#####


You could see a two-headed ogre.

Vanquished Creatures
  2 two-headed ogres
  Prince Ribbit (D:6)
  Sigmund (D:2)
  A human (D:7)
  4 hogs (D:7)
  A sky beast (D:6)
  An ice beast (D:8)
  5 ogres
  4 centaurs
  2 bullfrogs
  3 scorpions
  A howler monkey (D:4)
  A bullfrog zombie (D:6)
  4 orc priests
  A bullfrog skeleton (D:4)
  4 hounds
  5 orc wizards
  2 worker ants
  A hound skeleton (D:7)
  Robin (D:2)
  8 adders
  4 gnolls (D:4)
  A shadow imp (D:7)
  2 oozes
  An adder zombie (D:4)
  3 worms
  4 dart slugs
  A leopard gecko (D:3)
  27 orcs
  A ball python (D:1)
  7 bats
  2 giant cockroaches
  17 goblins
  13 hobgoblins
  14 jackals
  3 quokkas
  6 frilled lizards
  A jackal skeleton (D:4)
  6 kobolds
  2 quokka skeletons
  9 rats
177 creatures vanquished.

Notes
Turn   | Place    | Note
-------+----------+-------------------------------------------
     0 | D:1      | sking99 the Demonspawn Fighter began the quest for the Orb.
     0 | D:1      | Reached XP level 1. HP: 18/18 MP: 1/1
   231 | D:1      | Gained mutation: You are partially covered in sharp spines. [demonic ancestry]
   231 | D:1      | Reached XP level 2. HP: 22/24 MP: 2/2
   575 | D:1      | Gained mutation: You have large cloven feet. [demonic ancestry]
   575 | D:1      | Reached XP level 3. HP: 19/29 MP: 3/3
  1289 | D:2      | Reached XP level 4. HP: 33/35 MP: 4/4
  1296 | D:2      | Noticed Sigmund
  1308 | D:2      | Killed Sigmund
  1308 | D:2      | Gained mutation: You have hoof-like feet. [demonic ancestry]
  1308 | D:2      | Reached XP level 5. HP: 24/42 MP: 5/5
  1574 | D:2      | Noticed Robin
  1594 | D:2      | Killed Robin
  2016 | D:2      | Gained mutation: You have a pair of small antennae on your head. [demonic ancestry]
  2016 | D:2      | Reached XP level 6. HP: 48/48 MP: 6/6
  2863 | D:4      | Found a shattered altar of Ashenzari.
  3013 | D:4      | Reached skill level 1 in Unarmed Combat
  3114 | D:4      | Gained mutation: You are mostly covered in sharp spines. [demonic ancestry]
  3114 | D:4      | Reached XP level 7. HP: 43/55 MP: 7/7
  3242 | D:4      | Reached skill level 5 in Fighting
  3411 | D:4      | Reached skill level 5 in Shields
  4036 | D:5      | Entered Level 5 of the Dungeon
  4062 | D:5      | Reached XP level 8. HP: 47/64 MP: 8/8
  4597 | D:5      | Found Guisuhio's Assorted Antiques.
  4837 | D:6      | Noticed Prince Ribbit
  4847 | D:6      | Killed Prince Ribbit
  5202 | D:6      | Reached skill level 5 in Unarmed Combat
  5208 | D:6      | Found a staircase to the Ecumenical Temple.
  5479 | Temple   | Entered the Ecumenical Temple
  5755 | Temple   | Became a worshipper of Gozag Ym Sagoz the Greedy
  5867 | D:6      | Found Tiyf's Armour Emporium.
  6147 | D:7      | Reached XP level 9. HP: 64/71 MP: 9/9
  6936 | D:7      | Noticed a two-headed ogre
  6949 | D:7      | Killed a two-headed ogre
  7675 | D:8      | Noticed a two-headed ogre
  7713 | D:8      | Killed a two-headed ogre
  7713 | D:8      | Reached XP level 10. HP: 14/80 MP: 10/10
  8007 | D:8      | Noticed a two-headed ogre
  8016 | D:8      | Mangled by a two-headed ogre

Vault maps used:
D:1:      evilmike_arrival_hilbert_curve, minmay_distorted
D:2:      uniq_sigmund, uniq_robin
D:4:      cheibrodos_barr_body, first_ration, ashenzari_altar_1
D:5:      serial_shops, kennysheep_mini
D:6:      temple_pool_b, serial_shops, nicolae_shop_behind_doors,
          uniq_prince_ribbit1, uniq_crazy_yiuf_cottage
D:7:      grunt_livestock
D:8:      uniq_joseph, uniq_pikel, uniq_erica
Temple:   compressed_dpeg_triangle_lava_temple

Skill      XL: |  1  2  3  4  5  6  7  8  9 |
---------------+----------------------------+-----
Maces & Flails | 2 3 4 |  4.5
Shields        | 3 4 5 6 7 |  7.5
Fighting       | 4 5 6 8 |  8.2
Unarmed Combat | 1 3 5 8 |  8.2
Armour         | |  2.6

Action                   |  1- 3 |  4- 6 |  7- 9 | 10-12 || total
-------------------------+-------+-------+-------+-------++-------
Melee: Flail             |    85 |   136 |   113 |       ||   334
       Kick              |     6 |    33 |    83 |     3 ||   125
       Unarmed           |       |       |   112 |     5 ||   117
Invok: Potion Petition   |       |       |     1 |       ||     1
Evoke: Wand              |       |     1 |     3 |       ||     4
  Use: Potion            |       |     1 |     2 |       ||     3
       Scroll            |       |    10 |     2 |       ||    12
  Eat: Chunk             |     1 |     6 |     4 |       ||    11
       Ration            |       |       |     3 |       ||     3
Armor: Scale mail        |    33 |    41 |     4 |       ||    78
       Chain mail        |       |       |    60 |       ||    60
Dodge: Dodged            |    14 |    23 |    26 |       ||    63
Block: Shield            |    46 |    78 |    91 |       ||   215

Table legend:
 A = Spawn XP
 B = Non-spawn XP
 C = Spawn XP percentage of total XP
 D = Spawn monster count
 E = Non-spawn monster count
 F = Spawn count percentage of total count
 G = Total turns spent on level
                    A         B        C        D         E        F      G
               +---------+---------+-------+---------+---------+-------+---------
         Total |       0 |    6179 |   0.0 |       0 |     177 |   0.0 |  8016
               +---------+---------+-------+---------+---------+-------+---------
           D:1 |       0 |      52 |   0.0 |       0 |      26 |   0.0 |  1068
           D:2 |       0 |     344 |   0.0 |       0 |      39 |   0.0 |  1111
           D:3 |       0 |     152 |   0.0 |       0 |      29 |   0.0 |   710
           D:4 |       0 |     812 |   0.0 |       0 |      36 |   0.0 |  1147
           D:5 |       0 |     411 |   0.0 |       0 |      16 |   0.0 |   777
           D:6 |       0 |     643 |   0.0 |       0 |       7 |   0.0 |   872
           D:7 |       0 |    2721 |   0.0 |       0 |      21 |   0.0 |  1584
           D:8 |       0 |    1044 |   0.0 |       0 |       3 |   0.0 |   459
               +---------+---------+-------+---------+---------+-------+---------
